 Dungeon Crawl Stone Soup version 0.24.0-37-gcf1ca852f1 (webtiles) character file.

Game seed: 7508505472639718704, levelgen mode: deterministic

1642 PentaManta the Ruffian (level 8, -3/56 (57) HPs)
             Began as an Octopode Berserker on Dec 1, 2019.
             Was an Elder of Trog.
             Slain by a sky beast (4 damage)
             ... on level 8 of the Dungeon.
             The game lasted 00:12:54 (5308 turns).

PentaManta the Ruffian (Octopode Berserker)         Turns: 5308, Time: 00:12:55

HP:   -3/56 (57)    AC:  1    Str: 16    XL:     8   Next: 99%
MP:   0/8           EV: 16    Int: 10    God:    Trog [****..]
Gold: 195           SH:  5    Dex: 13    Spells: 7/7 levels left

rFire    . . .     SeeInvis +     - Unarmed
rCold    + . .     Gourm    .   r - +0 buckler
rNeg     + . .     Faith    .   (helmet restricted)
rPois    .         Spirit   +   l - amulet of guardian spirit
rElec    .         Reflect  .   s - ring of see invisible
rCorr    .         Harm     .   u - ring of positive energy
MR       .....                  A - ring of protection from cold
Stlth    ++++......             (no ring)
HPRegen  0.18/turn              (no ring)
MPRegen  0.11/turn              (no ring)
                                (no ring)
                                (no ring)

@: no status effects
A: almost no armour, stealthy swim, amphibious, 8 rings, constrict 8, camouflage
1, gelatinous body 1
a: Berserk, Trog's Hand, Brothers in Arms, Renounce Religion


You were on level 8 of the Dungeon.
You worshipped Trog.
Trog was greatly pleased with you.
You were near starving.

You visited 1 branch of the dungeon, and saw 7 of its levels.

You collected 195 gold pieces.

Inventory:

Hand Weapons
 g - a +2 dagger of speed
 v - a +1 dagger of chaos
 w - a +0 fustibalus
Missiles
 B - 3 poisoned darts (quivered)
 C - 28 stones
 D - 6 silver javelins
 H - 39 sling bullets
Armour
 r - a +0 buckler (worn)
Jewellery
 l - an amulet of guardian spirit (around mantle)
 s - a ring of see invisible (left tentacle)
 u - a ring of positive energy (right tentacle)
 A - a ring of protection from cold (on tentacle)
Scrolls
 b - 4 scrolls of remove curse {unknown}
 c - a scroll of enchant armour {unknown}
 d - a scroll of fear {unknown}
 j - a scroll of magic mapping {unknown}
 k - 8 scrolls of identify {unknown}
 p - a scroll of blinking {unknown}
 q - a scroll of enchant weapon {unknown}
 x - a scroll of noise {unknown}
 y - a scroll of fog {unknown}
 G - a scroll of amnesia {unknown}
Potions
 e - a potion of flight {unknown}
 f - 3 potions of might {unknown}
 h - a potion of brilliance {unknown}
 i - 2 potions of lignification {unknown}
 m - 3 potions of curing {unknown}
 n - a potion of ambrosia {unknown}
 o - 2 potions of heal wounds {unknown}
 t - a potion of resistance {unknown}
 z - a potion of degeneration {unknown}
 E - a potion of invisibility {unknown}
Comestibles
 a - 7 rations


   Skills:
 * Level 6.1 Fighting
 * Level 5.4 Dodging
 + Level 6.2 Stealth
 - Level 4.0 Shields
 * Level 6.4 Unarmed Combat


You had 7 spell levels left.
You didn't know any spells.
Your spell library was empty.

Dungeon Overview and Level Annotations

Branches:
Dungeon (8/15)
 Temple: D:4-7         Lair: D:8-11

Altars:
Elyvilon
Makhleb
Sif Muna
Trog
Uskayaw
Vehumet
Wu Jian
Xom
The Shining One

Annotations:
D:2 Natasha
D:7 5 runed translucent doors, exclusion: 2 killer bees


Innate Abilities, Weirdness & Mutations

You cannot wear most types of armour.
You are very stealthy in the water. (Stealth+)
You are amphibious.
You can wear up to eight rings at the same time.
You can use your tentacles to constrict eight enemies at once.
Your skin changes colour to match your surroundings (Stealth+).
Your rubbery body absorbs attacks. (AC +1, EV +1)


Message History

The sky beast is almost dead.
The sky beast hits you.
* * * LOW HITPOINT WARNING * * *
The sky beast shocks you.
* * * LOW HITPOINT WARNING * * *
You completely miss the sky beast.
The sky beast is almost dead.
The sky beast closely misses you.
You miss the sky beast.
The sky beast is almost dead.
The sky beast hits you.
* * * LOW HITPOINT WARNING * * *
The sky beast shocks you.
* * * LOW HITPOINT WARNING * * *
You closely miss the sky beast.
The sky beast is almost dead.
The sky beast hits you.
* * * LOW HITPOINT WARNING * * *
The sky beast shocks you.
You die...

### ### ### ...##
##.## #.. .....#
###<..## #..
#$...####......# ##.
#...........#..##
###..
#........?#....###....
#..≈.@.###............
#...Y### #...##...####
#...# #..###..## #....
#.## ##.# #... #.# #.#
#.... #.# #.# #.## .|
#.# #. ..# #.#


You could see a sky beast.

Vanquished Creatures
  Joseph (D:8)
  A hungry ghost (D:8)
  A necrophage (D:7)
  2 ogres
  A centaur (D:7)
  A big kobold (D:7)
  A water moccasin skeleton (D:7)
  A scorpion (D:5)
  3 crimson imps (D:5)
  A hound (D:8)
  2 orc priests
  2 orc wizards (D:7)
  A bullfrog skeleton (D:7)
  Natasha (twice) (D:2)
  5 worker ants
  A hound skeleton (D:7)
  3 gnolls (D:2)
  A howler monkey skeleton (D:7)
  4 adders
  2 oozes
  An adder zombie (D:5)
  2 adder skeletons
  3 worms
  3 dart slugs
  5 leopard geckos
  11 orcs
  6 giant cockroaches
  5 goblins
  8 hobgoblins
  12 jackals
  3 quokkas
  3 ball pythons
  3 bats
  3 frilled lizards
  A jackal skeleton (D:7)
  11 kobolds
  2 leopard gecko skeletons (D:5)
  A quokka zombie (D:7)
  4 rats
123 creatures vanquished.

Notes
Turn   | Place    | Note
-------+----------+-------------------------------------------
     0 | D:1      | PentaManta the Octopode Berserker began the quest for the
                  | Orb.
     0 | D:1      | Reached XP level 1. HP: 16/16 MP: 1/1
   114 | D:1      | Reached XP level 2. HP: 14/21 MP: 2/2
   522 | D:1      | Reached XP level 3. HP: 20/26 MP: 3/3
   711 | D:1      | Reached skill level 1 in Stealth
   713 | D:1      | Reached ** piety under Trog
  1149 | D:2      | Reached XP level 4. HP: 17/31 MP: 4/4
  1452 | D:2      | Noticed Natasha
  1457 | D:2      | Killed Natasha
  1625 | D:2      | Reached XP level 5. HP: 33/37 MP: 5/5
  1715 | D:2      | Noticed Natasha
  1722 | D:2      | Killed Natasha
  1737 | D:2      | Found an ornate altar of the Wu Jian Council.
  1744 | D:2      | Found a bloodstained altar of Trog.
  1744 | D:2      | Found a glowing golden altar of the Shining One.
  1746 | D:2      | Found a radiant altar of Vehumet.
  1748 | D:2      | Found a shimmering blue altar of Sif Muna.
  1759 | D:2      | Noticed Natasha
  2171 | D:3      | Found a white marble altar of Elyvilon.
  2491 | D:4      | Reached *** piety under Trog
  2820 | D:4      | Noticed an ogre
  2830 | D:4      | Killed an ogre
  2830 | D:4      | Reached skill level 1 in Shields
  2830 | D:4      | Reached XP level 6. HP: 41/43 MP: 6/6
  3119 | D:5      | Entered Level 5 of the Dungeon
  3160 | D:5      | HP: 1/64 [orc/+0 mace (9)]
  3593 | D:5      | Found a shimmering altar of Xom.
  3594 | D:5      | Found a burning altar of Makhleb.
  3597 | D:5      | Reached XP level 7. HP: 49/49 MP: 7/7
  3757 | D:5      | Reached skill level 5 in Unarmed Combat
  3876 | D:5      | You fall into a shaft and drop 2 floors!
  4077 | D:7      | Reached skill level 5 in Stealth
  4077 | D:7      | Reached XP level 8. HP: 53/53 MP: 8/8
  4159 | D:7      | Reached skill level 5 in Fighting
  4166 | D:7      | Reached **** piety under Trog
  4211 | D:7      | Found the +9 staff of Olgreb {rPois}
  4229 | D:7      | Found a runed translucent door.
  4234 | D:7      | Found a runed translucent gate.
  4234 | D:7      | Found a runed translucent gate.
  4235 | D:7      | Found a runed translucent door.
  4245 | D:7      | Found a runed translucent gate.
  4591 | D:7      | Received a gift from Trog
  4997 | D:8      | Found a hide-covered altar of Uskayaw.
  5027 | D:8      | Noticed Joseph
  5036 | D:8      | Killed Joseph
  5036 | D:8      | Reached skill level 5 in Dodging
  5308 | D:8      | HP: 1/56 [sky beast (3)]
  5308 | D:8      | Slain by a sky beast

Levels and vault maps discovered:
D:1:      evilmike_arrival_rings, layout_rooms
D:2:      layout_loops_ring, minitemple, palyth_stone_intersect, uniq_natasha
D:3:      layout_basic, elyvilon_altar_3, minmay_misc_feat_iff
D:4:      layout_basic, first_ration, minmay_misc_feat_alley
D:5:      layout_loops_ring, grunt_temple_overflow_champion_of_chaos,
          serial_shops, shop, roderic_lattice_a
D:7:      layout_cave_pods, roderic_st_hans_cross,
          minmay_guarded_unrand_staff_of_olgreb
D:8:      lemuel_insect_pit, layout_layer_cave, serial_shops, shop, basic_altar,
          uniq_joseph

Skill      XL: |  1  2  3  4  5  6  7  8 |
---------------+-------------------------+-----
Stealth        | 1 2 3 4 5 6 |  6.2
Unarmed Combat | 4 5 6 |  6.4
Dodging        | 4 5 |  5.4
Fighting       | 4 6 |  6.1
Shields        | 1 2 4 |  4.0

Action                   |  1- 3 |  4- 6 |  7- 9 || total
-------------------------+-------+-------+-------++-------
Melee: Unarmed           |    69 |   115 |   143 ||   327
       Constrict         |    20 |    28 |    30 ||    78
       Tentacles         |     6 |    25 |    33 ||    64
       Punch             |     1 |     6 |     5 ||    12
Invok: Berserk           |     1 |     3 |     4 ||     8
       Trog's Hand       |       |       |     2 ||     2
 Stab: Sleeping          |     2 |    18 |     8 ||    28
       Distracted        |       |     1 |       ||     1
  Eat: Chunk             |     1 |     9 |     4 ||    14
       Ration            |       |       |     3 ||     3
Armor: Skin              |     5 |     5 |     6 ||    16
Dodge: Dodged            |    54 |    45 |    78 ||   177
Block: Buckler           |       |     3 |    21 ||    24
